Jets vs Nordiques (R1)

Created - February 19, 2018 at 19:18

Goals
1 2 3 T
Jets 2 0 1 3
Nordiques 1 0 1 2
Shots
1 2 3 T
Jets 11 13 8 32
Nordiques 12 12 9 33

1st period

1. Nordiques , Chris Drury 10 (Vladimir Tarasenko 22, Fedor Tyutin 10) at 0:36
2. Jets , Derek Stepan 22 (Alexander Frolov 18, Benoit Pouliot 38) at 12:59 (PP)
3. Jets , Devin Setoguchi 12 (Derek Stepan 29, Alexander Frolov 19) at 15:30

Penalties :
Marco Scandella (Win) for Hooking (Minor) at 6:06, Paul Gaustad (Que) for Hooking (Minor) at 8:23, Michael Ryder (Que) for Hooking (Minor) at 12:28, Joe Colborne (Win) for Roughing (Minor) at 18:45, Marek Svatos (Que) for Roughing (Minor) at 18:48

2nd period

No Goal

Penalties :
Rich Peverley (Que) for Holding (Minor) at 8:53, Marcus Johansson (Win) for Tripping (Minor) at 11:08, Marco Scandella (Win) for Hooking (Minor) at 13:39

3rd period

4. Nordiques , R.J. Umberger 18 (Daniel Briere 47, Marek Svatos 30) at 11:53
5. Jets , Joe Colborne 9 (Marcus Johansson 15, Lee Stempniak 13) at 18:32

Penalties :
Alexander Frolov (Win) for High sticking (Minor) at 6:47, Dustin Byfuglien (Que) for Holding (Minor) at 7:17, Michael Ryder (Que) for Hooking (Minor) at 14:12

Goalie Stats

Kari Lehtonen (Win), 31 saves from 33 shots - (0.939), W, 17-10-2, 60:00 minutes
Jonathan Quick (Que), 29 saves from 32 shots - (0.906), L, 24-14-5, 59:16 minutes

Players Stats for Jets

Player Name              G  A  P  +/- PIM S  H  SB GA TA FO     MP     PP MP  PK MP  
------------------------------------------------------------------------------------
Alexander Frolov         0  2  2   0  2   1  0  0  0  0  0/2    19:31   3:12   3:40 
Anton Volchenkov         0  0  0   1  0   0  3  2  0  1  0/0    16:29   0:27   4:11 
Benoit Pouliot           0  1  1   0  0   5  0  0  0  0  2/2    17:19   3:46   0:51 
Derek Roy                0  0  0   0  0   5  1  2  1  1  11/18  18:01   3:46   0:38 
Derek Stepan             1  1  2   0  0   5  1  0  0  0  7/16   17:10   3:15   0:00 
Devin Setoguchi          1  0  1   0  0   3  0  2  0  0  0/0    14:21   2:42   0:00 
Dustin Brown             0  0  0   0  0   2  2  0  1  0  1/1    20:00   4:16   2:06 
Eric Gelinas             0  0  0   1  0   2  1  0  0  1  0/0    18:07   2:56   1:19 
Erik Haula               0  0  0  -1  0   1  0  1  0  1  3/9    12:51   0:00   3:59 
James Wright             0  0  0  -1  0   1  0  1  0  0  3/6     7:32   0:00   0:00 
Joe Colborne             1  0  1   1  2   2  0  0  0  1  3/10   12:48   0:03   1:46 
Josh Bailey              0  0  0  -1  0   1  0  0  1  0  0/0     7:32   0:00   0:00 
Justin Falk              0  0  0   1  0   0  1  0  0  0  0/0    10:36   0:00   0:00 
Lee Stempniak            0  1  1   1  0   1  0  0  0  0  0/1    11:02   0:03   0:00 
Marco Scandella          0  0  0  -2  4   1  1  2  0  1  0/0    24:33   4:05   1:00 
Marcus Johansson         0  1  1   1  2   1  2  0  0  0  1/1    11:04   0:00   0:00 
Shea Weber               0  0  0  -1  0   0  0  4  3  0  0/0    24:30   2:56   2:21 
Tyler Myers              0  0  0   0  0   1  1  0  0  1  0/0    26:34   3:38   4:09 

Players Stats for Nordiques

Player Name              G  A  P  +/- PIM S  H  SB GA TA FO     MP     PP MP  PK MP  
------------------------------------------------------------------------------------
Bruno Gervais            0  0  0  -1  0   0  0  1  0  0  0/0    11:40   0:00   0:00 
Chris Drury              1  0  1   0  0   2  1  1  1  1  6/14   14:23   2:35   1:05 
Daniel Briere            0  1  1   1  0   2  2  0  0  1  22/37  23:35   3:55   3:20 
Dustin Byfuglien         0  0  0   2  2   1  1  1  0  2  0/0    27:20   4:09   3:33 
Fedor Tyutin             0  1  1   2  0   5  0  3  2  1  0/0    28:21   4:10   3:39 
Jean-Pierre Dumont       0  0  0   0  0   4  1  0  0  0  0/1    13:02   0:00   0:01 
Kyle Calder              0  0  0   0  0   6  1  1  0  0  0/0    15:05   2:35   1:12 
Marek Svatos             0  1  1   1  2   6  1  0  0  0  0/1    21:50   3:54   3:15 
Mark Eaton               0  0  0  -1  0   1  2  1  0  0  0/0    20:53   2:20   3:22 
Matt Gilroy              0  0  0  -1  0   0  0  1  0  0  0/0    11:17   0:00   0:06 
Matt Moulson             0  0  0   0  0   1  1  0  0  0  0/0    11:58   0:00   0:00 
Michael Ryder            0  0  0  -1  4   0  0  0  0  1  0/0     6:48   0:00   0:00 
Nikolai Kulemin          0  0  0  -1  0   1  2  0  1  0  0/0     6:48   0:00   0:00 
Paul Gaustad             0  0  0   0  2   1  2  1  1  0  5/6    13:31   0:00   1:03 
R.J. Umberger            1  0  1   1  0   2  3  0  0  0  0/1    19:32   3:55   2:03 
Rich Peverley            0  0  0  -1  2   0  0  0  1  0  1/3     6:54   0:00   0:00 
Ryan Ellis               0  0  0  -1  0   1  0  0  1  0  0/0    20:53   2:20   3:22 
Vladimir Tarasenko       0  1  1   0  0   0  2  2  0  0  1/3    15:38   2:35   2:03 

3 Stars

1 - Derek Stepan (Win)
2 - R.J. Umberger (Que)
3 - Kari Lehtonen (Win)

Power Play

Jets - 1 on 6 Attempt(s) - 16.67%
Nordiques - 0 on 5 Attempt(s) - 0.00%

Penalty Kill

Jets - 5 on 5 Attempt(s) - 100.00% - Score 0 goal in Penalty Kill
Nordiques - 5 on 6 Attempt(s) - 83.33% - Score 0 goal in Penalty Kill

Team Stat

Jets - Hits : 13 - Faceoff Wins : 31 - Blocked Shots : 14 - Penalty Minutes : 10
Nordiques - Hits : 19 - Faceoff Wins : 35 - Blocked Shots : 12 - Penalty Minutes : 12

Official

Referees : Dwyer Gord and Kimmerly Greg
Linesman : Brad Kovachik and David Brisebois

Game Notes

No Game Note

Finance

Level 1 -- Attendance: 3651 (60.85%) -- Ticket Income $383,355
Level 2 -- Attendance: 3255 (65.10%) -- Ticket Income $211,575
Level 3 -- Attendance: 1251 (62.55%) -- Ticket Income $57,546
Level 4 -- Attendance: 2579 (64.48%) -- Ticket Income $90,265
Luxury Box -- Attendance: 819 (81.90%) -- Ticket Income $135,135
Game was played at the Centre Videotron.
Total Attendance: 11555 (64.19%)
Total Ticket Income: $877,876
Other Income: $131,681
Total Income: $1,009,557

Jets

5 vs 5 Forward 
   Center                   Left Wing                Right Wing               Time % Phy DF OF 
 1 Derek Roy                Benoit Pouliot           Dustin Brown             35     1   2  2  
 2 Derek Stepan             Alexander Frolov         Devin Setoguchi          30     1   2  2  
 3 Joe Colborne             Marcus Johansson         Lee Stempniak            23     0   3  2  
 4 James Wright             Erik Haula               Josh Bailey              12     1   2  2  

5 vs 5 Defense 
   Defense                  Defense                                           Time % Phy DF OF 
 1 Shea Weber               Marco Scandella                                   40     1   3  1  
 2 Tyler Myers              Eric Gelinas                                      30     1   2  2  
 3 Anton Volchenkov         Justin Falk                                       25     1   2  2  
 4 Shea Weber               Tyler Myers                                       5      1   2  2  

PowerPlay Forward 
   Center                   Left Wing                Right Wing               Time % Phy DF OF 
 1 Derek Roy                Benoit Pouliot           Dustin Brown             60     1   0  4  
 2 Derek Stepan             Alexander Frolov         Devin Setoguchi          40     1   0  4  

PowerPlay Defense
   Defense                  Defense                                           Time % Phy DF OF 
 1 Marco Scandella          Tyler Myers                                       60     1   1  3  
 2 Eric Gelinas             Shea Weber                                        40     0   1  4  

Penalty Kill 4 Players Forward 
   Center                   Wing                     Time % Phy DF OF 
 1 Erik Haula               Alexander Frolov         60     1   2  2  
 2 Joe Colborne             Dustin Brown             40     1   2  2  

Penalty Kill 4 Players Defense
   Defense                  Defense                  Time % Phy DF OF 
 1 Tyler Myers              Marco Scandella          60     1   2  2  
 2 Shea Weber               Anton Volchenkov         40     1   2  2  

Penalty Kill - 3 Players Forward 
   Forward                                           Time % Phy DF OF 
 1 Erik Haula                                        60     1   2  2  
 2 Alexander Frolov                                  40     1   2  2  

Penalty Kill - 3 Players Defense
   Defense                  Defense                  Time % Phy DF OF 
 1 Shea Weber               Tyler Myers              60     1   2  2  
 2 Marco Scandella          Anton Volchenkov         40     1   2  2  

4 vs 4 Forward 
   Center                   Wing                     Time % Phy DF OF 
 1 Derek Stepan             Dustin Brown             60     1   2  2  
 2 Derek Roy                Benoit Pouliot           40     1   2  2  

4 vs 4 Defense
   Defense                  Defense                  Time % Phy DF OF 
 1 Marco Scandella          Tyler Myers              60     1   2  2  
 2 Shea Weber               Eric Gelinas             40     1   2  2  

Last Minutes Offensive
   Center                   Left Wing                Right Wing               Defense                  Defense                  
   Derek Roy                Benoit Pouliot           Dustin Brown             Marco Scandella          Shea Weber               

Last Minutes Defensive
   Center                   Left Wing                Right Wing               Defense                  Defense                  
   Derek Roy                Erik Haula               Alexander Frolov         Shea Weber               Tyler Myers              

Goaltenders
Starting : Kari Lehtonen            
Backup : Jacob Markstrom          

Extra Forwards
Normal : Derek Roy, Benoit Pouliot, Dustin Brown - PP : Derek Roy, Benoit Pouliot - PK : Dustin Brown
Extra Defensemen
Normal : Shea Weber, Tyler Myers, Marco Scandella - PP : Shea Weber - PK : Anton Volchenkov, Tyler Myers
Penalty Shots
Derek Roy, Benoit Pouliot, Dustin Brown, Derek Stepan, Erik Haula

Scratches
Fredrik Sjostrom (Healthy), Kevin Klein (Healthy), Michael Rupp (Healthy), Tomas Kundratek (Chest/Ribs Injury)

Nordiques

5 vs 5 Forward 
   Center                   Left Wing                Right Wing               Time % Phy DF OF 
 1 Daniel Briere            R.J. Umberger            Marek Svatos             40     1   2  2  
 2 Chris Drury              Kyle Calder              Vladimir Tarasenko       30     1   2  2  
 3 Paul Gaustad             Matt Moulson             Jean-Pierre Dumont       20     1   2  2  
 4 Rich Peverley            Nikolai Kulemin          Michael Ryder            10     1   2  2  

5 vs 5 Defense 
   Defense                  Defense                                           Time % Phy DF OF 
 1 Fedor Tyutin             Dustin Byfuglien                                  40     1   2  2  
 2 Ryan Ellis               Mark Eaton                                        30     1   2  2  
 3 Bruno Gervais            Matt Gilroy                                       20     1   2  2  
 4 Fedor Tyutin             Dustin Byfuglien                                  10     1   2  2  

PowerPlay Forward 
   Center                   Left Wing                Right Wing               Time % Phy DF OF 
 1 Daniel Briere            R.J. Umberger            Marek Svatos             60     1   2  2  
 2 Chris Drury              Kyle Calder              Vladimir Tarasenko       40     1   2  2  

PowerPlay Defense
   Defense                  Defense                                           Time % Phy DF OF 
 1 Fedor Tyutin             Dustin Byfuglien                                  60     1   2  2  
 2 Ryan Ellis               Mark Eaton                                        40     1   2  2  

Penalty Kill 4 Players Forward 
   Center                   Wing                     Time % Phy DF OF 
 1 Daniel Briere            Marek Svatos             60     1   2  2  
 2 Vladimir Tarasenko       R.J. Umberger            40     1   2  2  

Penalty Kill 4 Players Defense
   Defense                  Defense                  Time % Phy DF OF 
 1 Fedor Tyutin             Dustin Byfuglien         60     1   2  2  
 2 Ryan Ellis               Mark Eaton               40     1   2  2  

Penalty Kill - 3 Players Forward 
   Forward                                           Time % Phy DF OF 
 1 Daniel Briere                                     60     1   2  2  
 2 Marek Svatos                                      40     1   2  2  

Penalty Kill - 3 Players Defense
   Defense                  Defense                  Time % Phy DF OF 
 1 Fedor Tyutin             Dustin Byfuglien         60     1   2  2  
 2 Ryan Ellis               Mark Eaton               40     1   2  2  

4 vs 4 Forward 
   Center                   Wing                     Time % Phy DF OF 
 1 Daniel Briere            Marek Svatos             60     1   2  2  
 2 Vladimir Tarasenko       R.J. Umberger            40     1   2  2  

4 vs 4 Defense
   Defense                  Defense                  Time % Phy DF OF 
 1 Fedor Tyutin             Dustin Byfuglien         60     1   2  2  
 2 Ryan Ellis               Mark Eaton               40     1   2  2  

Last Minutes Offensive
   Center                   Left Wing                Right Wing               Defense                  Defense                  
   Daniel Briere            R.J. Umberger            Marek Svatos             Fedor Tyutin             Dustin Byfuglien         

Last Minutes Defensive
   Center                   Left Wing                Right Wing               Defense                  Defense                  
   Daniel Briere            R.J. Umberger            Marek Svatos             Fedor Tyutin             Dustin Byfuglien         

Goaltenders
Starting : Jonathan Quick           
Backup : Julien Ellis             

Extra Forwards
Normal : Jean-Pierre Dumont, Matt Moulson, Paul Gaustad - PP : Jean-Pierre Dumont, Matt Moulson - PK : Paul Gaustad
Extra Defensemen
Normal : Bruno Gervais, Matt Gilroy, Ryan Ellis - PP : Bruno Gervais - PK : Matt Gilroy, Ryan Ellis
Penalty Shots
Daniel Briere, Marek Svatos, Vladimir Tarasenko, R.J. Umberger, Chris Drury

Scratches
T.J. Fast (Sprained Right Ankle Injury)

% Time on Ice - Jets

Lines # - Real PCT - Wanted PCT - Time Play
Normal Forward
1 - 29% - 35% - 12:18
2 - 27% - 30% - 11:15
3 - 26% - 23% - 10:59
4 - 18% - 12% - 7:32
Normal Defense
1 - 41% - 40% - 17:27
2 - 30% - 30% - 12:42
3 - 25% - 25% - 10:36
4 - 3% - 5% - 1:19
PP Forward
1 - 62% - 60% - 4:19
2 - 38% - 40% - 2:42
PP Defense
1 - 58% - 60% - 4:05
2 - 42% - 40% - 2:56
PK Forward
1 - 73% - 60% - 4:44
2 - 27% - 40% - 1:46
PK Defense
1 - 84% - 60% - 5:28
2 - 16% - 40% - 1:02
PK3 Forward
1 - 0% - 60%
2 - 0% - 40%
PK3 Defense
1 - 0% - 60%
2 - 0% - 40%
44 Forward
1 - 96% - 60% - 3:17
2 - 4% - 40% - 0:08
44 Defense
1 - 58% - 60% - 1:59
2 - 42% - 40% - 1:26
Last Minute Offensive  - 0:00
Last Minute Defensive  - 1:00
Total
Forward - 60:00
Defense - 60:00

% Time on Ice - Nordiques

Lines # - Real PCT - Wanted PCT - Time Play
Normal Forward
1 - 31% - 40% - 13:11
2 - 25% - 30% - 10:41
3 - 27% - 20% - 11:23
4 - 16% - 10% - 6:48
Normal Defense
1 - 39% - 40% - 16:23
2 - 34% - 30% - 14:14
3 - 26% - 20% - 10:46
4 - 2% - 10% - 0:40
PP Forward
1 - 60% - 60% - 3:55
2 - 40% - 40% - 2:35
PP Defense
1 - 64% - 60% - 4:10
2 - 36% - 40% - 2:20
PK Forward
1 - 71% - 60% - 4:58
2 - 29% - 40% - 2:03
PK Defense
1 - 52% - 60% - 3:39
2 - 48% - 40% - 3:22
PK3 Forward
1 - 0% - 60%
2 - 0% - 40%
PK3 Defense
1 - 0% - 60%
2 - 0% - 40%
44 Forward
1 - 91% - 60% - 3:06
2 - 9% - 40% - 0:19
44 Defense
1 - 72% - 60% - 2:28
2 - 28% - 40% - 0:57
Last Minute Offensive  - 1:01
Last Minute Defensive  - 0:00
Total
Forward - 60:00
Defense - 60:00

Play by Play

1st period


0:01 of 1st period - Daniel Briere wins face-off versus Derek Roy in neutral zone.
0:12 of 1st period - Snap shot by Daniel Briere.
0:12 of 1st period - Shot Blocked by Derek Roy.
0:36 of 1st period - Wrist shot by Vladimir Tarasenko.
0:36 of 1st period - Deflect By Chris Drury.
0:36 of 1st period - Goal by Chris Drury - Jets : 0 - Nordiques : 1.
0:37 of 1st period - Paul Gaustad wins face-off versus Joe Colborne in neutral zone.
0:44 of 1st period - Slapshot by Paul Gaustad.
0:44 of 1st period - Stopped by Kari Lehtonen with a rebound.
0:52 of 1st period - Wrist shot by Jean-Pierre Dumont.
0:52 of 1st period - Shot Misses the Net.
1:02 of 1st period - Nikolai Kulemin is hit by Eric Gelinas and loses puck.
1:23 of 1st period - Wrist shot by Benoit Pouliot.
1:23 of 1st period - Stopped by Jonathan Quick without a rebound.
1:24 of 1st period - Derek Roy wins face-off versus Daniel Briere in Nordiques zone.
1:41 of 1st period - Snap shot by Benoit Pouliot.
1:41 of 1st period - Deflect By Marek Svatos.
1:41 of 1st period - Shot Blocked by Bruno Gervais.
1:41 of 1st period - Puck is out of play.
1:42 of 1st period - Chris Drury wins face-off versus Derek Stepan in Nordiques zone.
1:42 of 1st period - Chris Drury is hit by Justin Falk.
1:58 of 1st period - Slapshot by Derek Stepan.
1:58 of 1st period - Shot Blocked by Chris Drury.
2:34 of 1st period - Wrist shot by Benoit Pouliot.
2:34 of 1st period - Stopped by Jonathan Quick without a rebound.
2:35 of 1st period - Derek Roy wins face-off versus Chris Drury in Nordiques zone.
2:40 of 1st period - Snap shot by Derek Roy.
2:40 of 1st period - Stopped by Jonathan Quick with a rebound.
2:42 of 1st period - Wrist shot by Derek Roy.
2:42 of 1st period - Stopped by Jonathan Quick without a rebound.
2:43 of 1st period - Derek Stepan wins face-off versus Chris Drury in Nordiques zone.
2:44 of 1st period - Snap shot by Devin Setoguchi.
2:44 of 1st period - Stopped by Jonathan Quick without a rebound.
2:45 of 1st period - Derek Stepan wins face-off versus Vladimir Tarasenko in Nordiques zone.
3:06 of 1st period - Slapshot by Kyle Calder.
3:06 of 1st period - Stopped by Kari Lehtonen without a rebound.
3:07 of 1st period - Daniel Briere wins face-off versus James Wright in Jets zone.
3:08 of 1st period - Snap shot by Marek Svatos.
3:08 of 1st period - Stopped by Kari Lehtonen without a rebound.
3:09 of 1st period - James Wright wins face-off versus R.J. Umberger in Jets zone.
3:14 of 1st period - Erik Haula is hit by R.J. Umberger and loses puck.
3:41 of 1st period - Wrist shot by Matt Moulson.
3:41 of 1st period - Shot Blocked by Derek Roy.
4:02 of 1st period - Off-side.
4:03 of 1st period - Chris Drury wins face-off versus Derek Stepan in neutral zone.
4:32 of 1st period - Slapshot by Chris Drury.
4:32 of 1st period - Shot Misses the Net.
4:42 of 1st period - Snap shot by Vladimir Tarasenko.
4:42 of 1st period - Shot Misses the Net.
4:44 of 1st period - Slapshot by Bruno Gervais.
4:44 of 1st period - Shot Blocked by Anton Volchenkov.
4:46 of 1st period - Wrist shot by Vladimir Tarasenko.
4:46 of 1st period - Deflect By Kyle Calder.
4:46 of 1st period - Stopped by Kari Lehtonen without a rebound.
4:47 of 1st period - Joe Colborne wins face-off versus Daniel Briere in Jets zone.
4:51 of 1st period - Off-side.
4:52 of 1st period - Daniel Briere wins face-off versus Joe Colborne in neutral zone.
6:06 of 1st period - Minor Penalty to Marco Scandella for Hooking.
6:07 of 1st period - Daniel Briere wins face-off versus Erik Haula in Jets zone.
6:44 of 1st period - Kyle Calder is hit by Anton Volchenkov and loses puck.
7:25 of 1st period - Benoit Pouliot is hit by R.J. Umberger and loses puck.
8:06 of 1st period - Penalty to Marco Scandella is over, Marco Scandella is back on ice.
8:17 of 1st period - Matt Moulson is hit by Marcus Johansson and loses puck.
8:23 of 1st period - Minor Penalty to Paul Gaustad for Hooking.
8:24 of 1st period - Derek Roy wins face-off versus Daniel Briere in Nordiques zone.
8:52 of 1st period - Marek Svatos is hit by Derek Roy and loses puck.
9:11 of 1st period - Slapshot by Dustin Brown.
9:11 of 1st period - Stopped by Jonathan Quick with a rebound.
9:13 of 1st period - Slapshot by Marco Scandella.
9:13 of 1st period - Stopped by Jonathan Quick with a rebound.
9:15 of 1st period - Snap shot by Derek Roy.
9:15 of 1st period - Stopped by Jonathan Quick without a rebound.
9:16 of 1st period - Derek Stepan wins face-off versus Vladimir Tarasenko in Nordiques zone.
9:19 of 1st period - Snap shot by Derek Stepan.
9:19 of 1st period - Shot Blocked by Vladimir Tarasenko.
9:21 of 1st period - Slapshot by Shea Weber.
9:21 of 1st period - Shot Misses the Net.
10:23 of 1st period - Penalty to Paul Gaustad is over, Paul Gaustad is back on ice.
11:15 of 1st period - Snap shot by Kyle Calder.
11:15 of 1st period - Stopped by Kari Lehtonen without a rebound.
11:16 of 1st period - Derek Stepan wins face-off versus Chris Drury in Jets zone.
11:21 of 1st period - Anton Volchenkov is hit by Vladimir Tarasenko and loses puck.
11:26 of 1st period - Snap shot by Kyle Calder.
11:26 of 1st period - Stopped by Kari Lehtonen with a rebound.
12:04 of 1st period - Matt Moulson is hit by Anton Volchenkov and loses puck.
12:28 of 1st period - Minor Penalty to Michael Ryder for Hooking.
12:29 of 1st period - Daniel Briere wins face-off versus Derek Roy in Nordiques zone.
12:29 of 1st period - Daniel Briere is hit by Dustin Brown.
12:57 of 1st period - Slapshot by Alexander Frolov.
12:57 of 1st period - Shot Misses the Net.
12:59 of 1st period - Slapshot by Derek Stepan.
12:59 of 1st period - Goal by Derek Stepan - Jets : 1 - Nordiques : 1.
13:00 of 1st period - Daniel Briere wins face-off versus Derek Roy in neutral zone.
13:45 of 1st period - Ryan Ellis is hit by Marcus Johansson and loses puck.
14:18 of 1st period - Snap shot by Daniel Briere.
14:18 of 1st period - Deflect By Marek Svatos.
14:18 of 1st period - Shot Blocked by Erik Haula.
14:18 of 1st period - Puck is out of play.
14:19 of 1st period - Derek Roy wins face-off versus Daniel Briere in Jets zone.
14:19 of 1st period - Derek Roy is hit by Marek Svatos.
14:42 of 1st period - Icing by Marek Svatos.
14:43 of 1st period - Chris Drury wins face-off versus Derek Stepan in Nordiques zone.
15:30 of 1st period - Snap shot by Devin Setoguchi.
15:30 of 1st period - Goal by Devin Setoguchi - Jets : 2 - Nordiques : 1.
15:31 of 1st period - Daniel Briere wins face-off versus Derek Roy in neutral zone.
15:34 of 1st period - Slapshot by Dustin Byfuglien.
15:34 of 1st period - Shot Blocked by Shea Weber.
16:05 of 1st period - Slapshot by Lee Stempniak.
16:05 of 1st period - Stopped by Jonathan Quick with a rebound.
16:07 of 1st period - Slapshot by Tyler Myers.
16:07 of 1st period - Shot Misses the Net.
16:21 of 1st period - Snap shot by Jean-Pierre Dumont.
16:21 of 1st period - Shot Blocked by Devin Setoguchi.
16:41 of 1st period - Wrist shot by Benoit Pouliot.
16:41 of 1st period - Shot Blocked by Fedor Tyutin.
16:47 of 1st period - Snap shot by Derek Roy.
16:47 of 1st period - Shot Misses the Net.
17:47 of 1st period - Shea Weber is hit by Nikolai Kulemin and loses puck.
18:40 of 1st period - Snap shot by Jean-Pierre Dumont.
18:40 of 1st period - Stopped by Kari Lehtonen without a rebound.
18:41 of 1st period - Paul Gaustad wins face-off versus Lee Stempniak in Jets zone.
18:45 of 1st period - Minor Penalty to Joe Colborne for Roughing.
18:46 of 1st period - Daniel Briere wins face-off versus Erik Haula in Jets zone.
18:46 of 1st period - Wrist shot by Marek Svatos.
18:46 of 1st period - Shot Misses the Net.
18:48 of 1st period - Minor Penalty to Marek Svatos for Roughing.
18:49 of 1st period - Daniel Briere wins face-off versus Derek Stepan in Nordiques zone.
18:54 of 1st period - Snap shot by Jean-Pierre Dumont.
18:54 of 1st period - Stopped by Kari Lehtonen without a rebound.
18:55 of 1st period - Daniel Briere wins face-off versus Derek Stepan in Jets zone.
18:56 of 1st period - Slapshot by Jean-Pierre Dumont.
18:56 of 1st period - Shot Misses the Net.
18:58 of 1st period - Snap shot by Jean-Pierre Dumont.
18:58 of 1st period - Stopped by Kari Lehtonen with a rebound.
19:00 of 1st period - Snap shot by Fedor Tyutin.
19:00 of 1st period - Deflect By Tyler Myers.
19:00 of 1st period - Stopped by Kari Lehtonen with a rebound.
19:02 of 1st period - Slapshot by Fedor Tyutin.
19:02 of 1st period - Stopped by Kari Lehtonen without a rebound.
19:03 of 1st period - Derek Stepan wins face-off versus Daniel Briere in Jets zone.
19:10 of 1st period - Wrist shot by Derek Stepan.
19:10 of 1st period - Shot Misses the Net.
Goals for this period are 2 for Jets vs 1 for Nordiques.
Shots for this period are 11 for Jets vs 12 for Nordiques.

2nd period


0:01 of 2nd period - Derek Stepan wins face-off versus Daniel Briere in neutral zone.
0:12 of 2nd period - Wrist shot by Derek Stepan.
0:12 of 2nd period - Stopped by Jonathan Quick without a rebound.
0:13 of 2nd period - Dustin Brown wins face-off versus Jean-Pierre Dumont in Nordiques zone.
0:28 of 2nd period - Backhand shot by Derek Stepan.
0:28 of 2nd period - Deflect By Dustin Byfuglien.
0:28 of 2nd period - Stopped by Jonathan Quick without a rebound.
0:29 of 2nd period - Daniel Briere wins face-off versus Derek Stepan in Nordiques zone.
0:29 of 2nd period - Daniel Briere is hit by Tyler Myers.
0:39 of 2nd period - Dustin Brown is hit by Daniel Briere and loses puck.
0:45 of 2nd period - Penalty to Joe Colborne is over, Joe Colborne is back on ice.
0:48 of 2nd period - Penalty to Marek Svatos is over, Marek Svatos is back on ice.
0:57 of 2nd period - Wrist shot by Josh Bailey.
0:57 of 2nd period - Stopped by Jonathan Quick with a rebound.
1:09 of 2nd period - Snap shot by Marek Svatos.
1:09 of 2nd period - Stopped by Kari Lehtonen without a rebound.
1:10 of 2nd period - Benoit Pouliot wins face-off versus Chris Drury in Jets zone.
1:25 of 2nd period - Snap shot by Dustin Brown.
1:25 of 2nd period - Shot Blocked by Vladimir Tarasenko.
1:37 of 2nd period - Anton Volchenkov is hit by Nikolai Kulemin.
2:16 of 2nd period - Wrist shot by Derek Stepan.
2:16 of 2nd period - Stopped by Jonathan Quick without a rebound.
2:17 of 2nd period - Benoit Pouliot wins face-off versus Chris Drury in Nordiques zone.
3:44 of 2nd period - Devin Setoguchi is hit by Kyle Calder.
4:16 of 2nd period - Anton Volchenkov is hit by Jean-Pierre Dumont and loses puck.
4:31 of 2nd period - Marek Svatos is hit by Anton Volchenkov and loses puck.
4:54 of 2nd period - Justin Falk is hit by Mark Eaton.
5:08 of 2nd period - Wrist shot by Chris Drury.
5:08 of 2nd period - Shot Misses the Net.
5:10 of 2nd period - Wrist shot by Vladimir Tarasenko.
5:10 of 2nd period - Deflect By Chris Drury.
5:10 of 2nd period - Stopped by Kari Lehtonen without a rebound.
5:11 of 2nd period - Daniel Briere wins face-off versus Derek Stepan in Jets zone.
5:14 of 2nd period - Snap shot by Marek Svatos.
5:14 of 2nd period - Shot Misses the Net.
5:22 of 2nd period - Slapshot by Devin Setoguchi.
5:22 of 2nd period - Stopped by Jonathan Quick with a rebound.
5:24 of 2nd period - Slapshot by Shea Weber.
5:24 of 2nd period - Shot Misses the Net.
5:39 of 2nd period - Snap shot by Joe Colborne.
5:39 of 2nd period - Shot Misses the Net.
6:21 of 2nd period - Slapshot by Fedor Tyutin.
6:21 of 2nd period - Stopped by Kari Lehtonen without a rebound.
6:22 of 2nd period - Rich Peverley wins face-off versus James Wright in Jets zone.
6:31 of 2nd period - Snap shot by Rich Peverley.
6:31 of 2nd period - Shot Misses the Net.
6:33 of 2nd period - Slapshot by Mark Eaton.
6:33 of 2nd period - Shot Misses the Net.
6:35 of 2nd period - Slapshot by Ryan Ellis.
6:35 of 2nd period - Shot Blocked by Marco Scandella.
6:37 of 2nd period - Wrist shot by Michael Ryder.
6:37 of 2nd period - Shot Blocked by James Wright.
7:11 of 2nd period - Snap shot by Jean-Pierre Dumont.
7:11 of 2nd period - Shot Misses the Net.
7:13 of 2nd period - Snap shot by Paul Gaustad.
7:13 of 2nd period - Deflect By Jean-Pierre Dumont.
7:13 of 2nd period - Stopped by Kari Lehtonen without a rebound.
7:14 of 2nd period - Paul Gaustad wins face-off versus Alexander Frolov in Jets zone.
7:29 of 2nd period - Wrist shot by Alexander Frolov.
7:29 of 2nd period - Stopped by Jonathan Quick with a rebound.
7:48 of 2nd period - Snap shot by Marek Svatos.
7:48 of 2nd period - Shot Misses the Net.
7:50 of 2nd period - Snap shot by R.J. Umberger.
7:50 of 2nd period - Shot Misses the Net.
8:18 of 2nd period - Snap shot by Nikolai Kulemin.
8:18 of 2nd period - Stopped by Kari Lehtonen with a rebound.
8:20 of 2nd period - Slapshot by Ryan Ellis.
8:20 of 2nd period - Shot Misses the Net.
8:53 of 2nd period - Minor Penalty to Rich Peverley for Holding.
8:54 of 2nd period - Daniel Briere wins face-off versus Derek Roy in Nordiques zone.
10:53 of 2nd period - Penalty to Rich Peverley is over, Rich Peverley is back on ice.
11:08 of 2nd period - Minor Penalty to Marcus Johansson for Tripping.
11:09 of 2nd period - Daniel Briere wins face-off versus Erik Haula in Jets zone.
11:17 of 2nd period - Wrist shot by Marek Svatos.
11:17 of 2nd period - Stopped by Kari Lehtonen without a rebound.
11:18 of 2nd period - Daniel Briere wins face-off versus Erik Haula in Jets zone.
11:19 of 2nd period - Snap shot by Marek Svatos.
11:19 of 2nd period - Shot Misses the Net.
11:21 of 2nd period - Snap shot by Daniel Briere.
11:21 of 2nd period - Shot Misses the Net.
11:23 of 2nd period - Wrist shot by Marek Svatos.
11:23 of 2nd period - Shot Blocked by Anton Volchenkov.
11:43 of 2nd period - Slapshot by Fedor Tyutin.
11:43 of 2nd period - Stopped by Kari Lehtonen with a rebound.
11:45 of 2nd period - Slapshot by R.J. Umberger.
11:45 of 2nd period - Stopped by Kari Lehtonen without a rebound.
11:46 of 2nd period - Chris Drury wins face-off versus Alexander Frolov in Jets zone.
11:49 of 2nd period - Slapshot by Vladimir Tarasenko.
11:49 of 2nd period - Shot Misses the Net.
11:51 of 2nd period - Snap shot by Chris Drury.
11:51 of 2nd period - Shot Blocked by Marco Scandella.
11:53 of 2nd period - Slapshot by Ryan Ellis.
11:53 of 2nd period - Stopped by Kari Lehtonen with a rebound.
11:55 of 2nd period - Wrist shot by Vladimir Tarasenko.
11:55 of 2nd period - Shot Misses the Net.
11:57 of 2nd period - Wrist shot by Kyle Calder.
11:57 of 2nd period - Stopped by Kari Lehtonen with a rebound.
11:59 of 2nd period - Slapshot by Mark Eaton.
11:59 of 2nd period - Stopped by Kari Lehtonen without a rebound.
12:00 of 2nd period - Erik Haula wins face-off versus Daniel Briere in Jets zone.
13:08 of 2nd period - Penalty to Marcus Johansson is over, Marcus Johansson is back on ice.
13:23 of 2nd period - Slapshot by Shea Weber.
13:23 of 2nd period - Deflect By Joe Colborne.
13:23 of 2nd period - Stopped by Jonathan Quick without a rebound.
13:24 of 2nd period - Vladimir Tarasenko wins face-off versus Joe Colborne in Nordiques zone.
13:35 of 2nd period - Snap shot by Kyle Calder.
13:35 of 2nd period - Stopped by Kari Lehtonen without a rebound.
13:36 of 2nd period - Derek Roy wins face-off versus Daniel Briere in Jets zone.
13:36 of 2nd period - Derek Roy is hit by Daniel Briere.
13:39 of 2nd period - Minor Penalty to Marco Scandella for Hooking.
13:40 of 2nd period - Daniel Briere wins face-off versus Erik Haula in Jets zone.
13:52 of 2nd period - Snap shot by Marek Svatos.
13:52 of 2nd period - Deflect By Daniel Briere.
13:52 of 2nd period - Shot Hit the Post.
13:52 of 2nd period - Puck is out of play.
13:53 of 2nd period - Erik Haula wins face-off versus Daniel Briere in Jets zone.
14:29 of 2nd period - Wrist shot by Vladimir Tarasenko.
14:29 of 2nd period - Shot Misses the Net.
14:35 of 2nd period - Slapshot by Tyler Myers.
14:35 of 2nd period - Stopped by Jonathan Quick without a rebound.
14:36 of 2nd period - Erik Haula wins face-off versus Daniel Briere in Nordiques zone.
15:18 of 2nd period - Slapshot by Eric Gelinas.
15:18 of 2nd period - Stopped by Jonathan Quick with a rebound.
15:39 of 2nd period - Penalty to Marco Scandella is over, Marco Scandella is back on ice.
16:21 of 2nd period - Snap shot by Benoit Pouliot.
16:21 of 2nd period - Stopped by Jonathan Quick with a rebound.
16:23 of 2nd period - Slapshot by Benoit Pouliot.
16:23 of 2nd period - Shot Blocked by Paul Gaustad.
16:25 of 2nd period - Snap shot by Benoit Pouliot.
16:25 of 2nd period - Stopped by Jonathan Quick without a rebound.
16:26 of 2nd period - Daniel Briere wins face-off versus Joe Colborne in Nordiques zone.
17:03 of 2nd period - Alexander Frolov is hit by Mark Eaton and loses puck.
17:22 of 2nd period - Slapshot by Dustin Byfuglien.
17:22 of 2nd period - Shot Blocked by Shea Weber.
17:24 of 2nd period - Slapshot by Fedor Tyutin.
17:24 of 2nd period - Shot Blocked by Shea Weber.
18:35 of 2nd period - Ryan Ellis is hit by Dustin Brown and loses puck.
18:43 of 2nd period - Off-side.
18:44 of 2nd period - Daniel Briere wins face-off versus James Wright in neutral zone.
18:46 of 2nd period - Off-side.
18:47 of 2nd period - James Wright wins face-off versus Daniel Briere in neutral zone.
18:53 of 2nd period - Slapshot by Eric Gelinas.
18:53 of 2nd period - Shot Blocked by Dustin Byfuglien.
18:55 of 2nd period - Slapshot by Erik Haula.
18:55 of 2nd period - Stopped by Jonathan Quick without a rebound.
18:56 of 2nd period - Derek Roy wins face-off versus Daniel Briere in Nordiques zone.
18:57 of 2nd period - Wrist shot by Benoit Pouliot.
18:57 of 2nd period - Stopped by Jonathan Quick without a rebound.
18:58 of 2nd period - Derek Roy wins face-off versus Daniel Briere in Nordiques zone.
19:01 of 2nd period - Snap shot by Benoit Pouliot.
19:01 of 2nd period - Shot Hit the Post.
19:27 of 2nd period - Snap shot by Vladimir Tarasenko.
19:27 of 2nd period - Shot Blocked by Devin Setoguchi.
19:29 of 2nd period - Backhand shot by Mark Eaton.
19:29 of 2nd period - Shot Misses the Net.
19:31 of 2nd period - Wrist shot by Ryan Ellis.
19:31 of 2nd period - Shot Misses the Net.
Goals for this period are 0 for Jets vs 0 for Nordiques.
Shots for this period are 13 for Jets vs 12 for Nordiques.

3rd period


0:01 of 3rd period - Derek Roy wins face-off versus Daniel Briere in neutral zone.
0:29 of 3rd period - Slapshot by Marco Scandella.
0:29 of 3rd period - Shot Misses the Net.
0:37 of 3rd period - Slapshot by Derek Roy.
0:37 of 3rd period - Shot Misses the Net.
0:47 of 3rd period - Wrist shot by Marek Svatos.
0:47 of 3rd period - Stopped by Kari Lehtonen with a rebound.
0:49 of 3rd period - Slapshot by Fedor Tyutin.
0:49 of 3rd period - Stopped by Kari Lehtonen without a rebound.
0:50 of 3rd period - Chris Drury wins face-off versus Derek Stepan in Jets zone.
1:17 of 3rd period - Lee Stempniak is hit by Paul Gaustad and loses puck.
1:40 of 3rd period - Snap shot by James Wright.
1:40 of 3rd period - Stopped by Jonathan Quick without a rebound.
1:41 of 3rd period - James Wright wins face-off versus Chris Drury in Nordiques zone.
2:11 of 3rd period - Slapshot by Dustin Byfuglien.
2:11 of 3rd period - Deflect By Marek Svatos.
2:11 of 3rd period - Stopped by Kari Lehtonen with a rebound.
3:57 of 3rd period - Snap shot by Matt Moulson.
3:57 of 3rd period - Stopped by Kari Lehtonen with a rebound.
3:59 of 3rd period - Backhand shot by Bruno Gervais.
3:59 of 3rd period - Shot Misses the Net.
4:01 of 3rd period - Snap shot by Matt Moulson.
4:01 of 3rd period - Shot Misses the Net.
5:12 of 3rd period - Icing by Marco Scandella.
5:13 of 3rd period - Paul Gaustad wins face-off versus Derek Stepan in Jets zone.
5:28 of 3rd period - Paul Gaustad is hit by Derek Stepan and loses puck.
6:47 of 3rd period - Minor Penalty to Alexander Frolov for High sticking.
6:48 of 3rd period - Daniel Briere wins face-off versus Joe Colborne in Jets zone.
7:17 of 3rd period - Minor Penalty to Dustin Byfuglien for Holding.
7:18 of 3rd period - Derek Stepan wins face-off versus Marek Svatos in Nordiques zone.
7:46 of 3rd period - Fedor Tyutin is hit by Marco Scandella.
8:47 of 3rd period - Penalty to Alexander Frolov is over, Alexander Frolov is back on ice.
8:57 of 3rd period - Slapshot by Vladimir Tarasenko.
8:57 of 3rd period - Shot Misses the Net.
9:17 of 3rd period - Penalty to Dustin Byfuglien is over, Dustin Byfuglien is back on ice.
9:31 of 3rd period - Wrist shot by Shea Weber.
9:31 of 3rd period - Deflect By Derek Stepan.
9:31 of 3rd period - Stopped by Jonathan Quick with a rebound.
9:33 of 3rd period - Wrist shot by Dustin Brown.
9:33 of 3rd period - Shot Misses the Net.
9:35 of 3rd period - Wrist shot by Eric Gelinas.
9:35 of 3rd period - Shot Blocked by Kyle Calder.
9:37 of 3rd period - Snap shot by Eric Gelinas.
9:37 of 3rd period - Stopped by Jonathan Quick with a rebound.
9:39 of 3rd period - Snap shot by Alexander Frolov.
9:39 of 3rd period - Shot Misses the Net.
9:41 of 3rd period - Snap shot by Shea Weber.
9:41 of 3rd period - Deflect By Alexander Frolov.
9:41 of 3rd period - Shot Blocked by Matt Gilroy.
9:41 of 3rd period - Puck is out of play.
9:42 of 3rd period - Joe Colborne wins face-off versus Rich Peverley in Nordiques zone.
10:29 of 3rd period - Tyler Myers is hit by Chris Drury and loses puck.
11:21 of 3rd period - Tyler Myers is hit by Vladimir Tarasenko and loses puck.
11:42 of 3rd period - Tyler Myers is hit by R.J. Umberger and loses puck.
11:53 of 3rd period - Wrist shot by R.J. Umberger.
11:53 of 3rd period - Goal by R.J. Umberger - Jets : 2 - Nordiques : 2.
11:54 of 3rd period - Daniel Briere wins face-off versus Derek Roy in neutral zone.
12:05 of 3rd period - Snap shot by Derek Roy.
12:05 of 3rd period - Shot Misses the Net.
12:07 of 3rd period - Wrist shot by Derek Roy.
12:07 of 3rd period - Shot Misses the Net.
12:09 of 3rd period - Slapshot by Derek Roy.
12:09 of 3rd period - Stopped by Jonathan Quick with a rebound.
12:11 of 3rd period - Wrist shot by Derek Roy.
12:11 of 3rd period - Shot Misses the Net.
12:36 of 3rd period - Slapshot by Daniel Briere.
12:36 of 3rd period - Shot Blocked by Shea Weber.
12:52 of 3rd period - Snap shot by Marek Svatos.
12:52 of 3rd period - Stopped by Kari Lehtonen with a rebound.
12:54 of 3rd period - Slapshot by Bruno Gervais.
12:54 of 3rd period - Shot Misses the Net.
12:58 of 3rd period - Snap shot by R.J. Umberger.
12:58 of 3rd period - Shot Misses the Net.
13:06 of 3rd period - Snap shot by Daniel Briere.
13:06 of 3rd period - Stopped by Kari Lehtonen without a rebound.
13:07 of 3rd period - Derek Roy wins face-off versus Chris Drury in Jets zone.
13:18 of 3rd period - Slapshot by Dustin Byfuglien.
13:18 of 3rd period - Stopped by Kari Lehtonen with a rebound.
13:36 of 3rd period - Wrist shot by Paul Gaustad.
13:36 of 3rd period - Shot Misses the Net.
13:38 of 3rd period - Wrist shot by Paul Gaustad.
13:38 of 3rd period - Shot Misses the Net.
14:12 of 3rd period - Minor Penalty to Michael Ryder for Hooking.
14:13 of 3rd period - Derek Roy wins face-off versus Daniel Briere in Nordiques zone.
14:18 of 3rd period - Wrist shot by Benoit Pouliot.
14:18 of 3rd period - Shot Blocked by Fedor Tyutin.
14:20 of 3rd period - Snap shot by Dustin Brown.
14:20 of 3rd period - Stopped by Jonathan Quick with a rebound.
14:54 of 3rd period - Snap shot by Derek Stepan.
14:54 of 3rd period - Shot Blocked by Fedor Tyutin.
16:12 of 3rd period - Penalty to Michael Ryder is over, Michael Ryder is back on ice.
16:23 of 3rd period - Slapshot by Mark Eaton.
16:23 of 3rd period - Deflect By Michael Ryder.
16:23 of 3rd period - Shot Misses the Net.
16:23 of 3rd period - Puck is out of play.
16:24 of 3rd period - Marcus Johansson wins face-off versus Rich Peverley in Jets zone.
16:32 of 3rd period - Icing by Shea Weber.
16:33 of 3rd period - Daniel Briere wins face-off versus Joe Colborne in Jets zone.
17:24 of 3rd period - Slapshot by Derek Roy.
17:24 of 3rd period - Stopped by Jonathan Quick without a rebound.
17:25 of 3rd period - Chris Drury wins face-off versus Derek Roy in Nordiques zone.
17:32 of 3rd period - Icing by Anton Volchenkov.
17:33 of 3rd period - Derek Roy wins face-off versus Paul Gaustad in Jets zone.
17:33 of 3rd period - Derek Roy is hit by Matt Moulson.
17:59 of 3rd period - Devin Setoguchi is hit by Dustin Byfuglien and loses puck.
18:20 of 3rd period - Wrist shot by Marcus Johansson.
18:20 of 3rd period - Stopped by Jonathan Quick without a rebound.
18:21 of 3rd period - Joe Colborne wins face-off versus Chris Drury in Nordiques zone.
18:30 of 3rd period - Snap shot by Marcus Johansson.
18:30 of 3rd period - Shot Blocked by Mark Eaton.
18:32 of 3rd period - Wrist shot by Joe Colborne.
18:32 of 3rd period - Goal by Joe Colborne - Jets : 3 - Nordiques : 2.
18:33 of 3rd period - Paul Gaustad wins face-off versus Joe Colborne in neutral zone.
18:52 of 3rd period - Joe Colborne is hit by Paul Gaustad and loses puck.
19:16 of 3rd period - Nordiques, Jonathan Quick is pulled from the net.
19:33 of 3rd period - Off-side.
19:34 of 3rd period - Claude Noel call a timeout for Nordiques.
19:34 of 3rd period - Daniel Briere wins face-off versus Erik Haula in neutral zone.
19:55 of 3rd period - Wrist shot by Daniel Briere.
19:55 of 3rd period - Stopped by Kari Lehtonen with a rebound.
Goals for this period are 1 for Jets vs 1 for Nordiques.
Shots for this period are 8 for Jets vs 9 for Nordiques.